 Dungeon Crawl Stone Soup version 0.30-a0-778-g2ef04afb54 (webtiles) character file.

Game seed: 11638495883368478945

2544 funkygono the Basher (level 9, -20/56 HPs)
             Began as a Gargoyle Fighter on Feb 16, 2023.
             Demolished by a very large slime creature (38 damage)
             ... on level 6 of the Dungeon.
             The game lasted 00:08:13 (5969 turns).

funkygono the Basher (Gargoyle Fighter)             Turns: 5969, Time: 00:08:13

Health: -20/56     AC: 19    Str: 24    XL:     9   Next: 55%
Magic:  9/9        EV: 23    Int:  9    God:
Gold:   437        SH:  4    Dex:  9    Spells: 8/8 levels left

rFire   . . .      SeeInvis .    a - +4 flail (heavy)
rCold   . . .      Faith    .    c - +0 buckler
rNeg    + . .      Spirit   .    h - +0 chain mail
rPois   ∞          Reflect  .    (no helmet)
rElec   +          Harm     .    f - +0 cloak
rCorr   .          Rampage  .    (no gloves)
Will    .....                    C - +0 pair of boots Stlth
                                 s - amulet of the acrobat
HPRegen 0.29/turn                (no ring)
MPRegen 0.11/turn                (no ring)

@: acrobatic, studying Long Blades
A: sickness immunity, AC +6, negative energy resistance 1, electricity
resistance, torment resistance 1, petrification resistance
a: no special abilities


You were on level 6 of the Dungeon.
You visited 1 branch of the dungeon, and saw 7 of its levels.

You collected 437 gold pieces.

Inventory:

Hand Weapons
 a - a +4 heavy flail (weapon)
 b - a +0 whip
 y - a +2 flail of distortion
Armour
 c - a +0 buckler (worn)
 f - a +0 cloak (worn)
 h - a +0 chain mail (worn)
 x - a scarf of invisibility
 C - a +0 pair of boots (worn)
Magical Staves
 p - a staff of earth
Jewellery
 j - an amulet of magic regeneration
 s - an amulet of the acrobat (around neck)
Wands
 k - a wand of digging (2)
 u - a wand of mindburst (9)
 w - a wand of polymorph (8)
 E - a wand of flame (14)
Scrolls
 n - a scroll of teleportation
 D - a scroll of poison
Potions
 d - 3 potions of might
 e - a potion of mutation
 g - a potion of brilliance {unknown}
 i - 2 potions of ambrosia {unknown}
 l - 2 potions of heal wounds
 m - a potion of haste {unknown}
 o - a potion of lignification {unknown}
 q - a potion of resistance {unknown}
 r - 2 potions of cancellation
 t - 3 potions of attraction {unknown}
 v - 2 potions of flight {unknown}
 z - 2 potions of curing
 A - a potion of degeneration {unknown}
 B - a potion of magic {unknown}


   Skills:
 + Level 6.5 Fighting
 + Level 9.2 Maces & Flails
 + Level 6.7 Armour
 + Level 2.4 Dodging
 + Level 0.7 Stealth
 + Level 5.1 Shields


You had 8 spell levels left.
You didn't know any spells.
Your spell library contained the following spells:

 Spells                   Type           Power      Damage    Failure   Level
 Freeze                   Ice            0%         1d3       97%         1
 Sandblast                Erth           0%         2d4       97%         1
 Passwall                 Tmut/Erth      0%         N/A       99%         2
 Frozen Ramparts          Ice            0%         1d1       100%        3
 Hailstorm                Conj/Ice       0%         3d3       100%        3
 Stone Arrow              Conj/Erth      0%         3d7       100%        3
 Airstrike                Air            0%         2d(0-16)  100%        4
 Summon Lightning Spire   Summ/Air       0%         N/A       100%        4
 Lightning Bolt           Conj/Air       0%         1d11      100%        5


Dungeon Overview and Level Annotations

Branches:
Dungeon (7/15)
 Temple: D:4-7

Altars:
Cheibriados
Fedhas
Vehumet


Innate Abilities, Weirdness & Mutations

You are immune to sickness and miasma.
Your stone body is resilient. (AC +6)
You are immune to poison.
You resist negative energy. (rN+)
You are resistant to electric shocks. (rElec)
You are resistant to unholy torment.
You are immune to petrification.


Message History

The slime creature quivers.
You sock the slime creature!
The slime creature is lightly wounded.
The slime creature hits you but does no damage.
Two slime creatures merge to form a large slime creature.
You hit the large slime creature.
The large slime creature is lightly wounded.
The large slime creature hits you but does no damage.
You bludgeon the large slime creature!!
The large slime creature is moderately wounded.
The large slime creature hits you.
Two slime creatures merge to form a very large slime creature.
You barely miss the very large slime creature.
The very large slime creature is lightly wounded.
You hit the very large slime creature.
The very large slime creature is moderately wounded.
The very large slime creature hits you!!
A very large slime creature splits.
You hit the large slime creature.
The large slime creature is moderately wounded.
The large slime creature hits you!!
* * * LOW HITPOINT WARNING * * *
The slime creature hits you.
* * * LOW HITPOINT WARNING * * *
The large slime creature attacks as you move away!
The large slime creature hits you but does no damage.
The slime creature completely misses you.
The slime creature attacks as you move away!
The slime creature hits you but does no damage.
Two slime creatures merge to form a very large slime creature.
There is an open door here.
The very large slime creature attacks as you move away!
The very large slime creature barely misses you.
The very large slime creature attacks as you move away!
You block the very large slime creature's attack.
There are no items here.
The very large slime creature attacks as you move away!
The very large slime creature hits you!!!
Ouch! That really hurt!
You die...

..##...##.........## ##..##...#
...................# #...##).##
..#######..........# #...##..##
..##...###+#####...# #.#'##...#
..##...##.....##..######...##..##
..............##.......#...'...##
...........................#.....
.......)............#..##..##....
................@J..#..######..##
####...##..##.###..##..##......##
######'##..######..##..##........
#..................#...######....
#...............^).'...##..##..##
#..................#.......#...##
#..................#.......#...#.
##..##.##'###......#.......#...'.
##..##.##..##..##..##..###'##..#.


You could see a very large slime creature.

Vanquished Creatures
  Grinder (D:5)
  Prince Ribbit (D:5)
  A slime creature (D:6)
  Duvessa (D:4)
  An orc warrior (D:6)
  3 black bears
  An ice beast (D:5)
  An ogre (D:5)
  A centaur (D:4)
  2 necrophages
  7 scorpions
  Dowan (D:4)
  2 howler monkeys
  4 jellies
  3 orc priests
  4 hounds
  2 iguanas
  4 orc wizards
  5 adders
  A white imp (D:6)
  4 worms
  16 orcs
  2 endoplasms (D:1)
  4 giant cockroaches
  5 goblins
  5 hobgoblins
  2 jackals (D:2)
  12 kobolds
  A quokka (D:2)
  6 ball pythons
  2 bats (D:1)
  2 frilled lizards (D:2)
  5 rats
112 creatures vanquished.

Vanquished Creatures (others)
  6 plants (D:2)
6 creatures vanquished.

Grand Total: 118 creatures vanquished

Notes
Turn   | Place    | Note
-------+----------+-------------------------------------------
     0 | D:1      | funkygono the Gargoyle Fighter began the quest for the Orb.
     0 | D:1      | Reached XP level 1. HP: 14/14 MP: 1/1
   337 | D:1      | Found a faded altar of an unknown god.
   378 | D:1      | Reached XP level 2. HP: 16/19 MP: 2/2
   805 | D:2      | Reached XP level 3. HP: 24/24 MP: 3/3
  1204 | D:2      | Reached skill level 3 in Maces & Flails
  1851 | D:3      | Found a radiant altar of Vehumet.
  1878 | D:3      | Reached XP level 4. HP: 29/29 MP: 4/4
  2325 | D:3      | Reached XP level 5. HP: 12/33 MP: 5/5
  2508 | D:3      | Identified a scroll of acquirement
  2508 | D:3      | Acquired a manual of Long Blades
  2556 | D:4      | Found a snail-covered altar of Cheibriados.
  2556 | D:4      | Noticed Duvessa
  2556 | D:4      | Noticed Dowan
  2575 | D:4      | Killed Duvessa
  2576 | D:4      | Reached skill level 4 in Maces & Flails
  2576 | D:4      | Reached XP level 6. HP: 22/38 MP: 6/6
  2695 | D:4      | Killed Dowan
  2696 | D:4      | Reached skill level 5 in Maces & Flails
  2939 | D:4      | Noticed a black bear
  2960 | D:4      | Killed a black bear
  2961 | D:4      | Reached XP level 7. HP: 7/44 MP: 7/7
  3605 | D:4      | Reached skill level 6 in Maces & Flails
  3705 | D:5      | Entered Level 5 of the Dungeon
  3705 | D:5      | Noticed Grinder
  3714 | D:4      | Reached skill level 1 in Dodging
  3864 | D:5      | Paralysed by something for 2 turns
  3884 | D:5      | Paralysed by something for 3 turns
  3896 | D:4      | Reached skill level 5 in Armour
  3997 | D:5      | Killed Grinder
  3998 | D:5      | Reached XP level 8. HP: 48/48 MP: 8/8
  4028 | D:5      | Reached skill level 5 in Fighting
  4056 | D:5      | Reached skill level 7 in Maces & Flails
  4509 | D:5      | Found a blossoming altar of Fedhas.
  4532 | D:5      | Noticed Prince Ribbit
  4556 | D:5      | Killed Prince Ribbit
  4702 | D:5      | Reached XP level 9. HP: 55/55 MP: 9/9
  4715 | D:5      | Reached skill level 8 in Maces & Flails
  4997 | D:6      | Reached skill level 5 in Shields
  5446 | D:6      | Reached skill level 9 in Maces & Flails
  5969 | D:6      | Demolished by a very large slime creature

Illustrated notes

Levels and vault maps discovered:
D:1:      elethiomel_arrival_shortcut, layout_basic,
          shapermc_ecumenical_altar_venn
D:2:      layout_loops_corners, lexackson_kobold_supper
D:3:      layout_loops_ring, mainiacjoe_overflow_24_doors
D:4:      cheibrodos_helix_gallery, layout_loops_corners,
          overflow_temple_1_default, uniq_duvessa
D:5:      layout_loops_ring, fedhas_altar_2, corexii_leaking_fountain,
          uniq_prince_ribbit1, uniq_grinder
D:6:      layout_gridville, hangedman_decor_peaks_small
D:7:      layout_cave_pools, lemuel_temple_firewalk_b, gammafunk_ghost_split

Skill      XL: |  1  2  3  4  5  6  7  8  9 |
---------------+----------------------------+-----
Maces & Flails | 3 4 5 6 7 9 |  9.2
Fighting       | 4 5 6 |  6.5
Armour         | 4 5 6 |  6.7
Shields        | 4 5 |  5.1
Dodging        | 1 2 |  2.4
Stealth        | |  0.7

Action                     |  1- 3 |  4- 6 |  7- 9 || total
---------------------------+-------+-------+-------++-------
  Melee: Flail             |    88 |   121 |   252 ||   461
    Use: Scroll            |       |     7 |     8 ||    15
 Armour: Chain mail        |    56 |    88 |   162 ||   306
         Scale mail        |     1 |       |       ||     1
  Dodge: Dodged            |    30 |    56 |   106 ||   192
  Block: Buckler           |    17 |    16 |    65 ||    98

Table legend: (Time is in decaauts)
 A = Elapsed time spent in this place.
 B = Non-inter-level travel time spent in this place.
 C = Inter-level travel time spent in this place.
 D = Time resting spent in this place.
 E = Time spent auto-exploring this place.
 F = Levels seen in this place.
 G = Mean time per level.
                   A        B        C        D        E       F      G
               +--------+--------+--------+--------+--------+-----+--------+
         Total |   6075 |   5905 |    170 |      3 |   4705 |   7 |  867.9 |
       Dungeon |   6075 |   5905 |    170 |      3 |   4705 |   7 |  867.9 |
               +--------+--------+--------+--------+--------+-----+--------+

Top non-repeatable levels by time:
     D:4: 1328 daAuts
     D:2: 1114 daAuts
     D:5: 1048 daAuts
     D:6: 970 daAuts
     D:3: 881 daAuts
     D:1: 687 daAuts
     D:7: 45 daAuts
